 Dungeon Crawl Stone Soup version 0.30-a0-852-g08b95dd62f (webtiles) character file.

Game seed: 13019433760911753464

50 Rocko1345 the Ruffian (level 3, -2/28 HPs)
             Began as a Draconian Transmuter on Mar 5, 2023.
             Slain by Crazy Yiuf
             ... wielding a +4 quarterstaff of chaos
              (4 damage)
             ... on level 2 of the Dungeon.
             The game lasted 00:04:32 (1413 turns).

Rocko1345 the Ruffian (Draconian Transmuter)        Turns: 1413, Time: 00:04:32

Health: -2/28      AC:  5    Str: 12    XL:     3   Next: 55%
Magic:  3/6        EV: 12    Int: 15    God:
Gold:   102        SH:  0    Dex: 11    Spells: 3/6 levels left

rFire   . . .      SeeInvis .      - Unarmed
rCold   . . .      Faith    .    (no shield)
rNeg    . . .      Spirit   .    (body armour unavailable)
rPois   .          Reflect  .    (helmet currently unavailable)
rElec   .          Rampage  .    (no cloak)
rCorr   .                        (no gloves)
Will    .....                    (boots currently unavailable)
Stlth   +                        (no amulet)
HPRegen 0.24/turn                (no ring)
MPRegen 0.10/turn                (no ring)

@: appendages, wereblooded, hasted, very quick
A: horns 2, talons 2, AC +5, unfitting armour, cold-blooded
a: End Transformation


You were on level 2 of the Dungeon.
You had temporarily grown beastly horns and talons.
You visited 1 branch of the dungeon, and saw 2 of its levels.

You collected 102 gold pieces.

Inventory:

Hand Weapons
 k - a +0 hammer
Wands
 j - a wand of quicksilver (5)
Scrolls
 b - a scroll of noise {unknown}
 c - a scroll of teleportation
 d - a scroll of enchant weapon {unknown}
 g - a scroll of blinking {unknown}
Potions
 a - a potion of lignification
 e - 2 potions of curing {unknown}
 f - a potion of mutation {unknown}
 h - a potion of magic {unknown}
 i - 3 potions of heal wounds {unknown}


   Skills:
 + Level 1.2 Fighting
 + Level 2.1 Dodging
 + Level 0.1 Stealth
 + Level 3.6 Unarmed Combat
 + Level 2.3 Spellcasting
 + Level 2.5 Transmutations


You had 3 spell levels left.
You knew the following spells:

 Your Spells              Type           Power      Damage    Failure   Level
a - Beastly Appendage     Tmut           18%        N/A       8%          1
b - Wereblood             Tmut           9%         N/A       11%         2

Your spell library contained the following spells:

 Spells                   Type           Power      Damage    Failure   Level
 Ensorcelled Hibernation  Hex/Ice        2%         N/A       32%         2
 Spider Form              Tmut/Pois      5%         N/A       36%         3
 Ignite Poison            Fire/Tmut/Pois 4%         N/A       41%         3
 Kindle Blastsparks       Fire/Tloc/Air  2%         2d10      54%         3
 Ice Form                 Ice/Tmut       5%         N/A       77%         4
 Anguish                  Hex/Necr       0%         N/A       91%         4
 Freezing Cloud           Conj/Ice/Air   0%         6-21      99%         5


Dungeon Overview and Level Annotations

Branches:
Dungeon (2/15)

Altars:

Shops:
D:1 *

Annotations:
D:2 Crazy Yiuf


Innate Abilities, Weirdness & Mutations

You have temporarily grown beastly horns and talons.
Your plain brown scales are hard. (AC +5)
You cannot fit into any form of body armour.
You are cold-blooded and may be slowed by cold attacks.


Message History

Aim: Crazy Yiuf, wielding a +4 quarterstaff of chaos and wearing a +0 cloak (75% to hit)
The bolt of dispelling energy hits Crazy Yiuf!
Crazy Yiuf is heavily wounded.
Crazy Yiuf hits you with a +4 quarterstaff of chaos.
You feel yourself slow down. Crazy Yiuf freezes you.
Sorry, you're not good enough to have a special ability.
Casting: Beastly Appendage (safe; 8% risk of failure)
Press: ? - help, Q - select action, (/) - cycle Dir - look around, f - activate You grow a pair of large bovine horns.
Your feet morph into talons.
Crazy Yiuf misses you.
Casting: Beastly Appendage (safe; 8% risk of failure)
Confirm with . or Enter, or press ? or * to list all spells.
Your blood is infused with primal strength.
You feel yourself speed up.
Crazy Yiuf hits you with a +4 quarterstaff of chaos.
Crazy Yiuf burns you.
Crazy Yiuf hits you with a +4 quarterstaff of chaos.
You are electrocuted!
Ouch! That really hurt!
* * * LOW HITPOINT WARNING * * *
You hit Crazy Yiuf. You claw Crazy Yiuf.
Crazy Yiuf is severely wounded.
Crazy Yiuf misses you.
You closely miss Crazy Yiuf.
Crazy Yiuf is severely wounded.
Crazy Yiuf hits you with a +4 quarterstaff of chaos.
* * * LOW HITPOINT WARNING * * *
You feel yourself speed up.
You barely miss Crazy Yiuf. Your kick misses Crazy Yiuf.
You headbutt Crazy Yiuf, but do no damage.
Crazy Yiuf is severely wounded.
Crazy Yiuf cries, "Whippet!"
Crazy Yiuf barely misses you.
You hit Crazy Yiuf. You headbutt Crazy Yiuf.
Your tail-slap misses Crazy Yiuf.
Crazy Yiuf is almost dead.
You hit Crazy Yiuf. Your kick misses Crazy Yiuf.
Your headbutt misses Crazy Yiuf.
Your tail-slap misses Crazy Yiuf.
Crazy Yiuf is almost dead.
Crazy Yiuf hits you with a +4 quarterstaff of chaos.
You die...

##.##.# ##.<.# ##†####
#.## .## .# .# ###♣♣♣♣♣
.# ##)...♣.♣♣♣ ###
.#######......♣.@♣#...#
.............♣♣♣♣g'...#
.#######....♣♣ ♣♣#..)#
[# #.##♣♣ ### .# ###.#
.# #...#
.#####.########
...............
.#####.########


You could see Crazy Yiuf.

Vanquished Creatures
  2 adders (D:2)
  2 ball pythons
  2 bats (D:2)
  2 endoplasms (D:1)
  5 goblins
  4 hobgoblins
  3 kobolds
  9 frilled lizards (D:1)
  A rat (D:1)
30 creatures vanquished.

Vanquished Creatures (others)
  6 plants (D:1)
6 creatures vanquished.

Grand Total: 36 creatures vanquished

Notes
Turn   | Place    | Note
-------+----------+-------------------------------------------
     0 | D:1      | Rocko1345 the Draconian Transmuter began the quest for the
                  | Orb.
     0 | D:1      | Reached XP level 1. HP: 16/16 MP: 3/3
    51 | D:1      | Found Fastrode's Assorted Antiques.
   453 | D:1      | Reached XP level 2. HP: 23/23 MP: 3/5
   770 | D:1      | Learned a level 2 spell: Wereblood
  1122 | D:2      | Reached XP level 3. HP: 24/28 MP: 2/6
  1389 | D:2      | Found a runed translucent door.
  1401 | D:2      | Noticed Crazy Yiuf
  1410 | D:2      | HP: 1/28 [Crazy Yiuf/+4 quarterstaff of chaos (4)]
  1413 | D:2      | Slain by Crazy Yiuf

Illustrated notes

Levels and vault maps discovered:
D:1:      nicolae_arrival_memento_mori, layout_basic, serial_shops,
          nicolae_shop_behind_doors, ebering_dispersal_statue_hall,
          reono_crystal_passage, hex_intersection,
          chequers_serial_rivers_room_a, minmay_lizard_king
D:2:      layout_loops_ring, uniq_crazy_yiuf_cottage, uniq_robin

Skill      XL: |  1  2 |
---------------+-------+-----
Dodging        | 2 |  2.1
Fighting       | |  1.2
Stealth        | |  0.1
Unarmed Combat | |  3.6
Spellcasting   | |  2.3
Transmutations | |  2.5

Action                     || total
---------------------------++-------
  Melee: Unarmed           ||    71
         Kick              ||    12
         Headbutt          ||     5
         Tailslap          ||     7
   Cast: Beastly Appendage ||    22
         Wereblood         ||     5
  Evoke: Wand              ||     1
    Use: Scroll            ||     1
 Armour: Skin              ||    14
  Dodge: Dodged            ||    55

Table legend: (Time is in decaauts)
 A = Elapsed time spent in this place.
 B = Non-inter-level travel time spent in this place.
 C = Inter-level travel time spent in this place.
 D = Time resting spent in this place.
 E = Time spent auto-exploring this place.
 F = Levels seen in this place.
 G = Mean time per level.
                   A        B        C        D        E       F      G
               +--------+--------+--------+--------+--------+-----+--------+
         Total |   1409 |   1383 |     26 |     36 |   1052 |   2 |  704.5 |
       Dungeon |   1409 |   1383 |     26 |     36 |   1052 |   2 |  704.5 |
               +--------+--------+--------+--------+--------+-----+--------+

Top non-repeatable levels by time:
     D:1: 1106 daAuts
     D:2: 303 daAuts
